[Event "Late-Titled-Tuesday-Blitz-March-26-2024"]
[Site "Chess.com"]
[Date "2024.03.26"]
[Round "5"]
[White "MaiqMaster"]
[Black "cakeuvdort"]
[Result "0-1"]
[WhiteElo "2368"]
[BlackElo "2184"]
[TimeControl "180+1"]
[EndTime "14:56:07 PDT"]
[Termination "cakeuvdort won by resignation"]

1. e4 Nf6 2. e5 Nd5 3. d4 d6 4. c4 Nb6 5. f4 g6 6. Nc3 dxe5 7.
fxe5 Bg7 8. Be3 O-O 9. Be2 c5 10. dxc5 N6d7 11. e6 fxe6 12. Nf3 Nf6 13. O-O Ng4 14.
Bd4 Rxf3 15. Bxg7 Rxf1+ 16. Qxf1 Kxg7 17. Rd1 Qc7 18. Bxg4 Qxc5+ 19. Kh1 Nc6 20. Ne4 Qe5 21. b4 Qxe4 22. b5 Ne5 23. Rd8 Nf7 24. Bf3 Qf5 25.
Re8 e5 26. g4 Qf6 27. Qe2 Ng5 28. Bd5 Bxg4 29. Rxa8 Bxe2 30. Rg8+ Kh6 0-1

[Event "Late-Titled-Tuesday-Blitz-March-26-2024"]
[Site "Chess.com"]
[Date "2024.03.26"]
[Round "5"]
[White "yujiarun18"]
[Black "ernestina08chess"]
[Result "0-1"]
[WhiteElo "2116"]
[BlackElo "2265"]
[TimeControl "180+1"]
[EndTime "14:56:07 PDT"]
[Termination "ernestina08chess won by checkmate"]

1. e4 c5 2. Nf3 d6 3. d4 cxd4 4. Nxd4 Nf6 5. Nc3 a6 6. f3 e5 7. Nb3 Be7 8. Be3 h5 9. Qd2 Be6 10. O-O-O Nbd7 11. h3 h4 12. Kb1 Qc7 13. Nd5 Nxd5 14.
exd5 Bf5 15. Bd3 Bxd3 16. Qxd3 b5 17. Rhe1 Rc8 18. f4 O-O 19. Bf2 Qc4 20. Qd2 Bf6 21. f5 Qc7 22. Na5 Nb6 23. Qb4 Qxc2+ 24. Ka1 Qxf2 25. Nb3 Nc4 26. Nc1 a5 27. Qb3 Nxb2 28.
Re2 Rxc1+ 29. Kxb2 Qxe2+ 30. Kxc1 Rc8+ 31. Kb1 b4 32. Ka1 e4+ 33. Kb1 Rc3 34. Qb2 Qxb2+ 35. Kxb2 Rd3+ 36. Kc2 Rxd1 37. Kxd1 a4 38. Ke2 b3 39.
axb3 axb3 40. Kd2 b2 41. Kc2 e3 42. Kb1 e2 43. Kc2 e1=Q 44. Kb3 b1=Q+ 45. Kc4 Qeb4# 0-1

[Event "Late-Titled-Tuesday-Blitz-March-26-2024"]
[Site "Chess.com"]
[Date "2024.03.26"]
[Round "5"]
[White "Firouzja2003"]
[Black "Hrant_ChessMood"]
[Result "1-0"]
[WhiteElo "3103"]
[BlackElo "2945"]
[TimeControl "180+1"]
[EndTime "14:56:08 PDT"]
[Termination "Firouzja2003 won on time"]

1. e4 e5 2. d4 exd4 3. Qxd4 Nc6 4.
Qc4 Nf6 5. Nc3 Bb4 6. Bd2 O-O 7.
O-O-O Re8 8. f3 d6 9. Qe2 d5 10. a3 Ba5 11. Nxd5 Bxd2+ 12. Qxd2 Be6 13. Bb5 a6 14. Bxc6 bxc6 15. Nf4 Qe7 16. Nge2 Rab8 17.
Qc3 Rb6 18. Nd4 Bd7 19. Nb3 Reb8 20. Rd4 g5 21. Nd3 Be6 22. Ndc5 Bxb3 23. Nxb3 Nd7 24. Rhd1 Ne5 25. g3 Qf6 26. Rf1 c5 27. Rd5 Ng6 28. Qxf6 Rxf6 29. Nxc5 g4 30. Nd7 1-0

[Event "Late-Titled-Tuesday-Blitz-March-26-2024"]
[Site "Chess.com"]
[Date "2024.03.26"]
[Round "5"]
[White "Juicy_Fork"]
[Black "promen1999"]
[Result "0-1"]
[WhiteElo "2562"]
[BlackElo "2838"]
[TimeControl "180+1"]
[EndTime "14:56:13 PDT"]
[Termination "promen1999 won by resignation"]

1. e4 c5 2. Nf3 Nc6 3. Bb5 e6 4. Bxc6 bxc6 5. d3 Qc7 6. Nbd2 Ne7 7. e5 Ng6 8. Nc4 f6 9. exf6 gxf6 10. h4 d5 11. h5 Nf4 12. g3 dxc4 13. Bxf4 e5 14. Be3 Be6 15. dxc4 Bxc4 16. h6 Bd5 17. O-O Qd7 18. Nh4 Qh3 19. Qh5+ Kd8 20. f3 Qxg3+ 21.
Ng2 Rg8 22. Rf2 Rg6 23. Rd1 Kc7 24. b3 Rd8 25. c4 Bxf3 26. Qxf3 Qxf3 27. Rxd8 Rxg2+ 28. Rxg2 Qxe3+ 29. Kh1 Kxd8 0-1

[Event "Late-Titled-Tuesday-Blitz-March-26-2024"]
[Site "Chess.com"]
[Date "2024.03.26"]
[Round "5"]
[White "Shankland"]
[Black "djano"]
[Result "1-0"]
[WhiteElo "2916"]
[BlackElo "2673"]
[TimeControl "180+1"]
[EndTime "14:56:15 PDT"]
[Termination "Shankland won by resignation"]

1. e4 c5 2. Nf3 Nc6 3. d4 cxd4 4. Nxd4 g6 5. c4 e5 6. Ne2 Nf6 7. Nbc3 d6 8. g3 Bg7 9. Bg2 O-O 10. O-O Be6 11. b3 Qe7 12. Ba3 Rfd8 13. Qd3 a5 14. Rad1 Nb4 15. Qd2 Ng4 16. h3 Bh6 17.
Qb2 Nf6 18. Nb5 Ne8 19. Nec3 Nc7 20. Qe2 Nca6 21. Bc1 Bxc1 22. Rxc1 Kg7 23. Rcd1 Rd7 24.
Rd2 Rad8 25. Qe3 Nc5 26. Rfd1 b6 27. Kh2 h6 28. h4 Bg4 29. f3 Be6 30. Bh3 f5 31. exf5 gxf5 32. f4 e4 33. Nd5 Bxd5 34. Rxd5 Nxd5 35. Rxd5 Qf6 36. Nd4 Ne6 37. Nxe6+ Qxe6 38. Bxf5 Qf6 39. Bxd7 Rxd7 40. Qxe4 Re7 41. Qd4 Re2+ 42.
Kh3 Rxa2 43. Qxf6+ Kxf6 44. Rxd6+ Kf5 45. Rxb6 h5 46.
Rh6 Ke4 47. Rxh5 Kf3 48. Rd5 Ra1 49. Rd3+ Ke4 50. Rc3 Kd4 51. Rc2 Rb1 52. h5 1-0

[Event "Late-Titled-Tuesday-Blitz-March-26-2024"]
[Site "Chess.com"]
[Date "2024.03.26"]
[Round "5"]
[White "Binary010"]
[Black "IriBu"]
[Result "1-0"]
[WhiteElo "2787"]
[BlackElo "2568"]
[TimeControl "180+1"]
[EndTime "14:56:17 PDT"]
[Termination "Binary010 won by checkmate"]

1. e4 c5 2. Nf3 d6 3. d4 cxd4 4. Nxd4 Nf6 5. Nc3 a6 6. Rg1 e5 7. Nb3 h5 8. Be3 Be6 9. h3 h4 10. Qd2 Nbd7 11. O-O-O b5 12. f4 b4 13. Nd5 Nxe4 14. Qxb4 Bxd5 15. Rxd5 Ndf6 16. Qa4+ Ke7 17. Rd1 Qd7 18. Qb4 Ke6 19. fxe5 d5 20. Qb6+ Kxe5 21. Bd3 Rc8 22. Bd4+ Kf5 23. Bxf6 gxf6 24. Bxe4+ Kxe4 25. Qxf6 Bh6+ 26. Kb1 Qc6 27. Rge1+ Be3 28. Rd4# 1-0

[Event "Late-Titled-Tuesday-Blitz-March-26-2024"]
[Site "Chess.com"]
[Date "2024.03.26"]
[Round "5"]
[White "AndresDelgado77"]
[Black "nindjaxx8"]
[Result "0-1"]
[WhiteElo "2328"]
[BlackElo "2623"]
[TimeControl "180+1"]
[EndTime "14:56:19 PDT"]
[Termination "nindjaxx8 won on time"]

1. e4 e6 2. d4 d5 3. e5 c5 4. c3 Nc6 5. Nf3 Qb6 6. Bd3 cxd4 7. a3 Bd7 8. O-O a5 9. Kh1 Bc5 10. b4 axb4 11. axb4 Rxa1 12. bxc5 Qxc5 13. cxd4 Qb6 14. Na3 Nb4 15. Qb3 Qa5 16. Bb2 Rxf1+ 17. Bxf1 Qa4 18.
Qc3 Ne7 19. Nd2 O-O 20. g3 Rc8 21. Qb3 Qxb3 22. Nxb3 Ba4 23. Nc5 Bc6 24. Nb5 Bxb5 25. Bxb5 b6 26. Nb3 Nf5 27. Kg2 Rc2 28. Ba3 Nc6 29.
Bd6 Ncxd4 30. Nxd4 Nxd4 31. Bd3 Rd2 32. Ba6 h5 0-1

[Event "Late-Titled-Tuesday-Blitz-March-26-2024"]
[Site "Chess.com"]
[Date "2024.03.26"]
[Round "5"]
[White "KaydenTroffChess"]
[Black "Durarbayli"]
[Result "1-0"]
[WhiteElo "2861"]
[BlackElo "2929"]
[TimeControl "180+1"]
[EndTime "14:56:21 PDT"]
[Termination "KaydenTroffChess won on time"]

1. d4 Nf6 2. Nf3 b6 3. Bf4 Bb7 4. Nbd2 e6 5. e3 Nh5 6. Bg3 d6 7. a4 a5 8. Bd3 Be7 9. Be4 Bxe4 10. Nxe4 O-O 11. Nfd2 Nxg3 12. hxg3 f5 13. Qh5 fxe4 14. Qxh7+ Kf7 15. Rh6 Ke8 16. Qg6+ Rf7 17. Rh8+ Bf8 18.
Nxe4 Qe7 19. Ng5 Nd7 20. Nxe6 1-0

[Event "Late-Titled-Tuesday-Blitz-March-26-2024"]
[Site "Chess.com"]
[Date "2024.03.26"]
[Round "5"]
[White "dennisodessa"]
[Black "Abhishek2"]
[Result "1-0"]
[WhiteElo "2520"]
[BlackElo "2366"]
[TimeControl "180+1"]
[EndTime "14:56:22 PDT"]
[Termination "dennisodessa won by resignation"]

1. d4 Nf6 2. c4 e6 3. Nc3 Bb4 4.
Qc2 O-O 5. a3 Bxc3+ 6. Qxc3 d5 7.
Bg5 c5 8. dxc5 d4 9. Qc2 e5 10. e3 Nc6 11. Nf3 Bg4 12. Be2 h6 13. Bxf6 Qxf6 14.
O-O Rad8 15. Rad1 a5 16. Qb1 e4 17. Nxd4 Nxd4 18. Bxg4 Nb3 19. Qc2 a4 20. Rd5 Qc6 21.
Rfd1 Rxd5 22. cxd5 Qxc5 23. Qxe4 b5 24. d6 Rd8 25. d7 Nd2 26. Qe8+ Kh7 27. Qxd8 Ne4 28.
Qe8 Qc2 29. d8=Q Qxf2+ 30. Kh1 Qxe3 31. Qxe4+ Qxe4 32. Qd3 1-0

[Event "Late-Titled-Tuesday-Blitz-March-26-2024"]
[Site "Chess.com"]
[Date "2024.03.26"]
[Round "5"]
[White "salgadoLO"]
[Black "azikom"]
[Result "0-1"]
[WhiteElo "2158"]
[BlackElo "2626"]
[TimeControl "180+1"]
[EndTime "14:56:25 PDT"]
[Termination "azikom won by resignation"]

1. e4 c6 2. d4 d5 3. exd5 cxd5 4.
Bd3 Nc6 5. c3 Nf6 6. h3 Qc7 7. Nf3 e6 8. O-O Bd6 9. Na3 Bxa3 10.
bxa3 O-O 11. Re1 Ne7 12. Bd2 b6 13. Ne5 Bb7 14. Rc1 Ne4 15. Bf4 Qd8 16. c4 f6 17.
Nf3 Ng6 18. Bh2 Rc8 19. h4 Ne7 20. cxd5 exd5 21. Qb3 Kh8 22. h5 Nf5 23. Qa4 a6 24. Qb3 h6 25. Rxc8 Bxc8 26. Bxe4 dxe4 27. Rxe4 Bb7 28.
Re1 Bd5 29. Qd3 Qd7 30. Qxa6 Bxf3 31. gxf3 Nxd4 32. Qd3 Qd5 33. Qe4 Nxf3+ 34. Kh1 Qxh5 0-1

[Event "Late-Titled-Tuesday-Blitz-March-26-2024"]
[Site "Chess.com"]
[Date "2024.03.26"]
[Round "5"]
[White "gorgeous1083"]
[Black "Heydarli77"]
[Result "0-1"]
[WhiteElo "2049"]
[BlackElo "2461"]
[TimeControl "180+1"]
[EndTime "14:56:25 PDT"]
[Termination "Heydarli77 won by checkmate"]

1. d4 Nf6 2. c4 g6 3. Nc3 Bg7 4. e4 d6 5. Nf3 O-O 6. Be2 e5 7. Be3 exd4 8. Nxd4 Re8 9. f3 Nc6 10. O-O Nh5 11. Qd2 Nf4 12. Nxc6 Nxe2+ 13. Nxe2 bxc6 14.
Bd4 Be6 15. Bxg7 Kxg7 16. Rad1 Qf6 17. b3 a5 18. Nc3 Qe5 19. Qd4 f6 20. Rfe1 c5 21.
Qxe5 fxe5 22. Nb5 Re7 23. Kf2 a4 24. Rd2 Bf7 25. Ree2 Be8 26. Nc3 Bc6 27. Nd5 Bxd5 28. exd5 Ree8 29. Rb2 Reb8 30. bxa4 Rb4 31. Rxb4 cxb4 32.
Rb2 Rxa4 33. Ke2 Kf6 34. Kd3 Ra3+ 35. Ke4 h5 36. h4 g5 37. g3 g4 38. fxg4 hxg4 39. Rxb4 Rxa2 40. Ke3 Ra3+ 41. Kf2 Rc3 42. Kg2 Kf5 43. Ra4 e4 44. Kf2 Ke5 45. Kg2 e3 46. Kf1 Ke4 47. c5+ Kf3 48. cxd6 Rc1# 0-1

[Event "Late-Titled-Tuesday-Blitz-March-26-2024"]
[Site "Chess.com"]
[Date "2024.03.26"]
[Round "5"]
[White "AnthonyWirig"]
[Black "Arigu07"]
[Result "1-0"]
[WhiteElo "2832"]
[BlackElo "2556"]
[TimeControl "180+1"]
[EndTime "14:56:28 PDT"]
[Termination "AnthonyWirig won by resignation"]

1. d4 Nf6 2. Bg5 e6 3. e3 Be7 4.
Nd2 O-O 5. Bd3 b6 6. Qf3 Nc6 7.
c3 Bb7 8. Qh3 h6 9. Bxf6 Bxf6 10.
Ngf3 d5 11. O-O e5 12. dxe5 Nxe5 13. Nxe5 Bxe5 14. Qf5 Re8 15. Qh7+ Kf8 16. Rad1 Qf6 17. Bb5 Red8 18. Nf3 Bd6 19. Nd4 Ke7 20. Nf5+ Ke6 21.
Nxg7+ Ke7 22. Nf5+ Ke6 23. Nd4+ Ke7 24. Bc6 Rh8 25. Qf5 1-0

[Event "Late-Titled-Tuesday-Blitz-March-26-2024"]
[Site "Chess.com"]
[Date "2024.03.26"]
[Round "5"]
[White "AccioChess"]
[Black "ChessQueen"]
[Result "0-1"]
[WhiteElo "2518"]
[BlackElo "2701"]
[TimeControl "180+1"]
[EndTime "14:56:37 PDT"]
[Termination "ChessQueen won by resignation"]

1. e4 c6 2. d4 d5 3. e5 c5 4. dxc5 e6 5. Nf3 Bxc5 6. Be2 Ne7 7. a3 Ng6 8. b4 Be7 9. Bb2 a5 10. b5 Nd7 11. Bd3 Qc7 12. Bxg6 hxg6 13. a4 Rh5 14.
O-O b6 15. Re1 Bb7 16. Nbd2 O-O-O 17. Nf1 Nc5 18. Ng3 Rhh8 19. Nd4 Kb8 20. Qf3 Bg5 21. h3 Rh4 22. c3 Re8 23. Qe2 Bf4 24. Bc1 Bxg3 25. fxg3 Re4 26. Qf1 Rxe1 27. Qxe1 Nd3 28. Qe3 Nxe5 29. Ba3 Nc4 30. Qf2 Nxa3 31. Rxa3 f6 32. Rb3 e5 33. Nc6+ Bxc6 34. bxc6 Ka7 35. Rb5 Qxc6 36. Rxa5+ Kb7 37. Rb5 Ra8 38. Qa2 Qxb5 0-1

[Event "Late-Titled-Tuesday-Blitz-March-26-2024"]
[Site "Chess.com"]
[Date "2024.03.26"]
[Round "5"]
[White "GiorgianBarbosa"]
[Black "kids2010"]
[Result "0-1"]
[WhiteElo "2534"]
[BlackElo "2809"]
[TimeControl "180+1"]
[EndTime "14:56:38 PDT"]
[Termination "kids2010 won by resignation"]

1. e4 c6 2. d3 d5 3. Nd2 e5 4. g3 Bd6 5. Bg2 f6 6. exd5 Ne7 7. dxc6 Nbxc6 8. Ne2 O-O 9. O-O Bg4 10.
h3 Bh5 11. Ne4 f5 12. Nxd6 Qxd6 13. f3 e4 14. dxe4 Qxd1 15. Rxd1 fxe4 16. Nf4 exf3 17. Nxh5 fxg2 18. Kxg2 Nf5 19. Nf4 Ncd4 20. Nd5 Nxc2 21. Rb1 Rad8 22. Kg1 Nxg3 23. Bg5 Rde8 24. Ne7+ Kh8 25.
Rd2 Ne4 26. Rxc2 Nxg5 27. Re1 Nf3+ 0-1

[Event "Late-Titled-Tuesday-Blitz-March-26-2024"]
[Site "Chess.com"]
[Date "2024.03.26"]
[Round "5"]
[White "Byniolus"]
[Black "ATM622"]
[Result "1-0"]
[WhiteElo "2727"]
[BlackElo "2527"]
[TimeControl "180+1"]
[EndTime "14:56:38 PDT"]
[Termination "Byniolus won on time"]

1. d4 Nf6 2. Nf3 e6 3. Bf4 d5 4. e3 c5 5. c3 Nc6 6. Nbd2 Bd6 7. Bg3 O-O 8. Bd3 b6 9. Ne5 Bb7 10. f4 Ne7 11. Qb1 cxd4 12. exd4 Ng6 13. O-O Nh5 14.
Qe1 Rc8 15. f5 exf5 16. Bxf5 Nxg3 17. Qxg3 Bxe5 18. dxe5 Rc6 19. Nf3 Bc8 20. Nd4 Rc7 21. e6 fxe6 22. Bxe6+ Kh8 23. Bxd5 Bd7 24. Rxf8+ Nxf8 25. Qd6 Rc8 26. Rf1 Ng6 27. Rf7 Bg4 28. Qxd8+ Rxd8 29. Rxa7 h5 30. Ra8 Rxa8 31. Bxa8 Nf4 32. Be4 1-0

[Event "Late-Titled-Tuesday-Blitz-March-26-2024"]
[Site "Chess.com"]
[Date "2024.03.26"]
[Round "5"]
[White "sorch29"]
[Black "xasid81"]
[Result "0-1"]
[WhiteElo "2447"]
[BlackElo "2615"]
[TimeControl "180+1"]
[EndTime "14:56:38 PDT"]
[Termination "xasid81 won by resignation"]

1. c4 d6 2. Nc3 Nf6 3. d4 Nbd7 4. e4 e5 5. Nf3 Be7 6. Be2 O-O 7. O-O Re8 8. Re1 exd4 9. Nxd4 Bf8 10. f3 Nc5 11. Be3 Ne6 12. Bf1 a6 13. Qd2 Nxd4 14. Bxd4 b6 15. Nd5 Nxd5 16. cxd5 Bb7 17. Rac1 Rc8 18. g3 b5 19. Bh3 c5 20. Bxc8 Bxc8 21. Bf2 h6 22. f4 Bb7 23. Rcd1 g6 24. e5 dxe5 25. fxe5 Qd7 26. e6 fxe6 27. dxe6 Qc6 28. Kf1 Qg2+ 29. Ke2 Rxe6+ 30. Kd3 Rd6+ 31. Kc2 Rxd2+ 32.
Rxd2 Be4+ 33. Kc1 h5 34. Bxc5 Bh6 0-1

[Event "Late-Titled-Tuesday-Blitz-March-26-2024"]
[Site "Chess.com"]
[Date "2024.03.26"]
[Round "5"]
[White "Andrei_Skvortsov"]
[Black "vladoboch"]
[Result "1-0"]
[WhiteElo "2713"]
[BlackElo "2483"]
[TimeControl "180+1"]
[EndTime "14:56:40 PDT"]
[Termination "Andrei_Skvortsov won on time"]

1. e4 c5 2. d4 cxd4 3. Qxd4 Nc6 4. Qd3 e5 5. Nc3 Nf6 6. Bg5 Bb4 7. Ne2 O-O 8. O-O-O a6 9. Nd5 Be7 10. Nxe7+ Qxe7 11.
Nc3 Nb4 12. Qc4 b5 13. Qe2 h6 14. Bxf6 Qxf6 15. a3 Nc6 16. Nd5 Qg5+ 17. Kb1 d6 18. h4 Qd8 19. g4 Nd4 20. Qe3 Bxg4 21. Rd2 Be6 22. f4 Bxd5 23. exd5 Qf6 24. fxe5 dxe5 25. Rf2 Qd6 26. Rg1 Kh8 27. h5 Qxd5 28. Rf6 Ne6 29. Bd3 Nf4 30. Be4 Qd8 31. Rf5 Rc8 32. Rxe5 Ne6 33.
Bd3 Qd4 34. Rxe6 1-0

[Event "Late-Titled-Tuesday-Blitz-March-26-2024"]
[Site "Chess.com"]
[Date "2024.03.26"]
[Round "5"]
[White "temus_galaktionov"]
[Black "Heliosis11"]
[Result "1-0"]
[WhiteElo "2857"]
[BlackElo "2317"]
[TimeControl "180+1"]
[EndTime "14:56:40 PDT"]
[Termination "temus_galaktionov won by resignation"]

1. d4 Nf6 2. c4 e6 3. Nf3 b6 4.
g3 Ba6 5. b3 Bb4+ 6. Bd2 Be7 7.
Bg2 O-O 8. O-O d5 9. cxd5 exd5 10.
Nc3 Re8 11. a3 Nbd7 12. b4 c6 13. Qb3 b5 14. a4 bxa4 15. Qxa4 Bb7 16. Qb3 Bf8 17.
Bf4 Nb6 18. Ne5 Nfd7 19. Nd3 Nc4 20. b5 Ndb6 21. Rfc1 Bd6 22. Bxd6 Qxd6 23. Nc5 Bc8 24.
bxc6 Be6 25. Nb5 Qxc6 26. Nxa7 Qc7 27. Nb5 Qe7 28. e3 Rab8 29. Nc3 Nd7 30. Qd1 Nxc5 31.
dxc5 Qxc5 32. Nxd5 Red8 33. e4 Qb5 34. Rab1 Nb2 35.
Qc2 Rdc8 36. Ne7+ Kf8 37. Nxc8 Rxc8 38. Qd2 Rxc1+ 39. Qxc1 Nd3 40. Qa3+ 1-0

[Event "Late-Titled-Tuesday-Blitz-March-26-2024"]
[Site "Chess.com"]
[Date "2024.03.26"]
[Round "5"]
[White "RianKapriaga"]
[Black "elcala"]
[Result "1-0"]
[WhiteElo "2350"]
[BlackElo "1767"]
[TimeControl "180+1"]
[EndTime "14:56:40 PDT"]
[Termination "RianKapriaga won by resignation"]

1. d4 d5 2. Nf3 Nf6 3. Bf4 Bf5 4. e3 e6 5. Be2 Bd6 6. Ne5 Nfd7 7. Nd2 Nxe5 8.
dxe5 Be7 9. Bd3 Bxd3 10. cxd3 Bg5 11. Bg3 Bh4 12. Qb3 b6 13. Nf3 Bxg3 14. hxg3 c5 15. O-O-O Nc6 16. Kb1 Qd7 17. Rh4 O-O-O 18. Rdh1 h6 19.
g4 Rhg8 20. Rc1 Kb8 21. Rxc5 Na5 22. Rxa5 Rc8 23. Rb5 Qc7 24. Rh1 Qc6 25. a4 Rc7 26.
Nd4 Qd7 27. a5 Rgc8 28. axb6 axb6 29. Rxb6+ Rb7 30. Rxb7+ Qxb7 31. Qxb7+ Kxb7 32. Rc1 Ra8 33. Rc3 Ra4 34. f4 Ra5 35. Rb3+ Kc7 36. Rc3+ Kd7 37. g3 Ra4 38. Rb3 Kc7 39. Ra3 Rb4 40. Ra7+ Kb6 41. Rxf7 Rb3 42. Nxb3 1-0

[Event "Late-Titled-Tuesday-Blitz-March-26-2024"]
[Site "Chess.com"]
[Date "2024.03.26"]
[Round "5"]
[White "Blackwhite017"]
[Black "Nekoo04"]
[Result "0-1"]
[WhiteElo "2095"]
[BlackElo "2382"]
[TimeControl "180+1"]
[EndTime "14:56:41 PDT"]
[Termination "Nekoo04 won by checkmate"]

1. e4 c5 2. Nf3 d6 3. Nc3 Nf6 4. e5 dxe5 5. Nxe5 a6 6. a4 Qc7 7.
Nc4 Nc6 8. d3 Be6 9. g3 Bxc4 10.
dxc4 e6 11. Bg2 Be7 12. Qe2 Nd4 13. Qd3 Rd8 14. Ne4 Nxe4 15. Bxe4 Qa5+ 16. Bd2 Qb6 17. b3 f5 18. Bg2 Bf6 19. O-O Nxb3 20. Qxb3 Qxb3 21.
cxb3 Bxa1 22. Rxa1 Rxd2 23. Bxb7 a5 24. Re1 Kf7 25.
Re5 Rb8 26. Ba6 Rxb3 27. Rxc5 Rbb2 28. Bc8 Rxf2 29. Rxa5 Rxh2 30. Kf1 Rb1# 0-1

[Event "Late-Titled-Tuesday-Blitz-March-26-2024"]
[Site "Chess.com"]
[Date "2024.03.26"]
[Round "5"]
[White "ThinkingSquares"]
[Black "DinaBelenkaya"]
[Result "1-0"]
[WhiteElo "2802"]
[BlackElo "2503"]
[TimeControl "180+1"]
[EndTime "14:56:44 PDT"]
[Termination "ThinkingSquares won on time"]

1. d4 Nf6 2. c4 e6 3. Nf3 d5 4. cxd5 exd5 5. Nc3 Be7 6. Bg5 O-O 7. Qc2 h6 8. Bf4 c6 9. e3 Nbd7 10. Bd3 Re8 11.
O-O Nf8 12. h3 Ne6 13. Be5 Ng5 14. Nxg5 hxg5 15. Bf5 Bf8 16. Bxc8 Qxc8 17. Bxf6 gxf6 18.
Ne2 Bd6 19. Rae1 f5 20. Ng3 Bxg3 21. fxg3 Re4 22. Rf3 Qe6 23. Qf2 Re8 24. Kh2 Qg6 25.
Rxf5 Rxe3 26. Rxe3 Rxe3 27. Rxf7 Qxf7 28. Qxe3 Qg7 29. b4 Kh7 30. a4 Qf6 31. a5 b6 32.
a6 Kg7 33. Qe8 Qf7 34. Qe5+ Kg6 35. Qd6+ Qf6 36. Qd7 Qxd4 37. Qxc6+ Kf5 38. Qd7+ Ke4 39. Qxa7 Qxb4 40. Qb7 1-0

[Event "Late-Titled-Tuesday-Blitz-March-26-2024"]
[Site "Chess.com"]
[Date "2024.03.26"]
[Round "5"]
[White "FairChess_on_YouTube"]
[Black "ProfessorChess101"]
[Result "1-0"]
[WhiteElo "3112"]
[BlackElo "2773"]
[TimeControl "180+1"]
[EndTime "14:56:45 PDT"]
[Termination "FairChess_on_YouTube won by resignation"]

1. e4 e5 2. Nf3 Nc6 3. Bc4 Nf6 4. d3 Be7 5. Nc3 d6 6. a3 O-O 7. O-O Bg4 8. h3 Bh5 9. Be3 Nd4 10. Bxd4 exd4 11.
Nd5 Nxd5 12. Bxd5 c6 13. Ba2 Bf6 14. g4 Bg6 15. Kg2 Re8 16. Qd2 h5 17. g5 Be5 18. Nh4 d5 19. f4 Bc7 20. Rae1 Kh8 21. exd5 cxd5 22. Rxe8+ Qxe8 23. Bxd5 Rd8 24. Bxb7 Rb8 25.
Re1 Qd7 26. Nxg6+ fxg6 27. Be4 Qd6 28. b4 Rf8 29. Rf1 Rxf4 30. Rxf4 Qxf4 31. Qxf4 Bxf4 32.
h4 Kh7 33. a4 Bd6 34. b5 Bb4 35. Kf2 Ba5 36. Bd5 Bb4 37. Bb3 Ba5 38. Kf3 Be1 39. Ke4 Bxh4 40. a5 Bg3 41. b6 axb6 42. a6 Bb8 43. Kxd4 h4 44. Bd5 h3 45. Kc4 h2 46.
Kb5 Ba7 47. c4 h1=Q 48. Bxh1 Kg8 49. Kc6 Kf8 50. Kb7 b5 51. cxb5 1-0

[Event "Late-Titled-Tuesday-Blitz-March-26-2024"]
[Site "Chess.com"]
[Date "2024.03.26"]
[Round "5"]
[White "SuanFernandes"]
[Black "dianamirza"]
[Result "1-0"]
[WhiteElo "2294"]
[BlackElo "1973"]
[TimeControl "180+1"]
[EndTime "14:56:45 PDT"]
[Termination "SuanFernandes won by resignation"]

1. d4 Nf6 2. c4 g6 3. Nc3 Bg7 4. e4 d6 5. Nf3 O-O 6. Be2 c5 7. O-O cxd4 8. Nxd4 Nc6 9. Be3 Nxd4 10. Bxd4 a6 11.
Rc1 Qc7 12. b3 Bd7 13. Nd5 Nxd5 14. cxd5 Qd8 15. f4 Rc8 16. Bxg7 Kxg7 17. Qd4+ Kg8 18. h4 Rxc1 19. Rxc1 e5 20. fxe5 dxe5 21. Qxe5 Qxh4 22. Bf3 Re8 23. Qd6 Qe7 24. Qxe7 Rxe7 25. Rc7 f5 26. d6 Rg7 27. e5 Kf8 28. Rxb7 Be6 29. Rxg7 Kxg7 30. Kf2 Kf7 31. Bc6 g5 32. g3 h5 33. Bb7 a5 34. Bf3 Kg6 35. a3 g4 36. Bd5 Kf7 37. Bc4 f4 38. Bxe6+ Kxe6 39.
gxf4 h4 40. b4 axb4 41. axb4 h3 42. Kg3 1-0

[Event "Late-Titled-Tuesday-Blitz-March-26-2024"]
[Site "Chess.com"]
[Date "2024.03.26"]
[Round "5"]
[White "Evandro_Barbosa"]
[Black "Koalaskakistis"]
[Result "0-1"]
[WhiteElo "2659"]
[BlackElo "2485"]
[TimeControl "180+1"]
[EndTime "14:56:46 PDT"]
[Termination "Koalaskakistis won by resignation"]

1. e4 c5 2. Nf3 Nc6 3. d4 cxd4 4. Nxd4 Nf6 5. Nc3 e5 6. Ndb5 d6 7. Bg5 a6 8. Na3 b5 9. Bxf6 gxf6 10. Nd5 f5 11. Bd3 Be6 12. O-O Bg7 13. Qh5 Rc8 14. c4 bxc4 15. Bxc4 fxe4 16. Ne3 O-O 17. Bxe6 fxe6 18. Qg4 Nd4 19. Qxe4 d5 20. Qd3 Qb6 21. b3 e4 22. Qd1 Qa5 23. Nb1 Nxb3 24. axb3 Qxa1 25.
Qg4 Qe5 26. Nd2 h5 27. Qh3 Rc3 28. Re1 d4 29. Nec4 Rxh3 30. Nxe5 Rc3 31. Nxe4 Bxe5 32.
Nxc3 dxc3 33. Rxe5 c2 34. Rc5 Rd8 0-1

[Event "Late-Titled-Tuesday-Blitz-March-26-2024"]
[Site "Chess.com"]
[Date "2024.03.26"]
[Round "5"]
[White "omeed_87"]
[Black "Gentlejimmy7"]
[Result "0-1"]
[WhiteElo "2428"]
[BlackElo "2683"]
[TimeControl "180+1"]
[EndTime "14:56:47 PDT"]
[Termination "Gentlejimmy7 won on time"]

1. d4 f5 2. Nc3 Nf6 3. Bf4 d5 4. e3 c6 5. Nf3 Be6 6. Bd3 Qc8 7. h3 Bf7 8. Ne5 e6 9. g4 g6 10. Qf3 Nbd7 11. O-O-O Nxe5 12. Bxe5 Bg7 13. Rhg1 O-O 14. gxf5 exf5 15. h4 Kh8 16. Qg2 Qe6 17. Ne2 Nh5 18. Nf4 Nxf4 19. exf4 c5 20. Bxg7+ Kxg7 21. dxc5 d4 22. b3 Qf6 23. h5 Rac8 24. hxg6 hxg6 25. Qxb7 Rxc5 26. Rde1 Qd6 27. Re7 Qxf4+ 28. Kb1 Qxf2 29.
Rf1 Qh2 30. Qd7 Qh4 31. Qd6 Rfc8 32. Rg1 Qf6 33. Qd7 a5 34. Bxf5 Qxf5 0-1

[Event "Late-Titled-Tuesday-Blitz-March-26-2024"]
[Site "Chess.com"]
[Date "2024.03.26"]
[Round "5"]
[White "ozates"]
[Black "1g60-1"]
[Result "0-1"]
[WhiteElo "2566"]
[BlackElo "2407"]
[TimeControl "180+1"]
[EndTime "14:56:49 PDT"]
[Termination "1g60-1 won by resignation"]

1. e4 e6 2. d4 d5 3. e5 c5 4.
c3 Nc6 5. Nf3 Bd7 6. Be2 f6 7.
O-O fxe5 8. Nxe5 Nxe5 9. dxe5 Qc7 10.
Bf4 O-O-O 11. Na3 a6 12. Bg3 Ne7 13. b4 Nf5 14. b5 Qa5 15. Qc1 axb5 16. Rb1 c4 17.
Nc2 h5 18. Bf4 Be7 19. Ne3 Rdf8 20. Nxf5 Rxf5 21. Be3 Rxe5 22. Bf3 Rf5 23. a4 bxa4 24.
Qb2 b5 25. Bd4 Qc7 26. Qe2 Bd6 27. g3 h4 28. Bg4 hxg3 29. fxg3 Rxf1+ 30. Rxf1 e5 31. Bxd7+ Qxd7 32. Qf3 Rf8 33. Qxf8+ Bxf8 34. Rxf8+ Kb7 35.
Bxe5 Qe7 36. Rf5 Qe6 37. Rg5 g6 38. Bd4 a3 0-1

[Event "Late-Titled-Tuesday-Blitz-March-26-2024"]
[Site "Chess.com"]
[Date "2024.03.26"]
[Round "5"]
[White "dretch"]
[Black "1mbl4"]
[Result "1-0"]
[WhiteElo "2858"]
[BlackElo "2615"]
[TimeControl "180+1"]
[EndTime "14:56:50 PDT"]
[Termination "dretch won by resignation"]

1. d4 Nf6 2. c4 g6 3. Nc3 Bg7 4.
e4 d6 5. Nf3 O-O 6. h3 e5 7. d5 Na6 8. Bg5 h6 9. Be3 Nc5 10. Nd2 a5 11. g4 Ne8 12. Nb3 b6 13. Qd2 Kh7 14. O-O-O a4 15. Nxc5 dxc5 16. f4 exf4 17. Bxf4 a3 18. e5 axb2+ 19. Kb1 f6 20. e6 Nd6 21. Bd3 f5 22. gxf5 gxf5 23. Rdf1 b5 24.
Bxd6 cxd6 25. Rxf5 Rxf5 26. Qf4 Qf6 27. Qxf5+ Qxf5 28. Bxf5+ Kg8 29. Nxb5 Be5 30. Rf1 Kg7 31. Nc7 Ra7 32.
e7 Bxf5+ 33. Rxf5 Rxc7 34. e8=Q Bf6 35. Rxf6 1-0

[Event "Late-Titled-Tuesday-Blitz-March-26-2024"]
[Site "Chess.com"]
[Date "2024.03.26"]
[Round "5"]
[White "manitodeplomo"]
[Black "FMYiLiu"]
[Result "0-1"]
[WhiteElo "2636"]
[BlackElo "2506"]
[TimeControl "180+1"]
[EndTime "14:56:50 PDT"]
[Termination "FMYiLiu won on time"]

1. d4 d5 2. c4 e6 3. Nf3 c6 4.
Bg5 Be7 5. Bxe7 Qxe7 6. e3 Nf6 7.
Nc3 O-O 8. Qc2 Nbd7 9. Rd1 Re8 10. a3 a6 11. Be2 dxc4 12. Bxc4 e5 13. O-O b5 14. Ba2 Bb7 15. Ng5 Rf8 16. dxe5 Nxe5 17. Nce4 Ng6 18. Nc5 Ne5 19. Rd4 h6 20. Nge4 Bc8 21.
Nd6 Bg4 22. h3 Bf3 23. Qf5 Bd5 24. Bxd5 Nxd5 25. Nde4 g6 0-1